 Dungeon Crawl Stone Soup version 0.27.1 (webtiles) character file.

Game seed: 2790067188341868063

3319 GameOver the Covert (level 10, 0/75 HPs)
             Began as a Naga Hedge Wizard on Aug 28, 2021.
             Was a Follower of Kikubaaqudgha.
             Succumbed to a water moccasin's poison
             ... on level 8 of the Dungeon.
             The game lasted 00:40:14 (5074 turns).

GameOver the Covert (Naga Hedge Wizard)             Turns: 5074, Time: 00:40:15

Health: 0/75       AC:  4    Str: 15    XL:     10   Next: 2%
Magic:  1/14       EV:  9    Int: 24    God:    Kikubaaqudgha [*.....]
Gold:   349        SH:  5    Dex: 10    Spells: 1/15 levels left

rFire    . . .     SeeInvis +   w - +0 whip (elec)
rCold    . . .     Faith    .   (no shield)
rNeg     . . .     Spirit   .   b - +0 robe
rPois    +         Reflect  +   (helmet restricted)
rElec    .         Harm     .   (no cloak)
rCorr    .         Rampage  .   (no gloves)
Will     +....                  (no barding)
Stlth    ++++......             o - amulet of reflection
HPRegen  0.22/turn              e - ring of wizardry
MPRegen  0.14/turn              B - +6 ring of intelligence

@: lethally poisoned (0 -> -5), very slightly contaminated, very slow
A: AC +3, large, see invisible, deformed body, poison resistance, slowness 2,
spit poison 1, naga tail 1, horns 1, strong 1, wild magic 1, MP-powered wands
a: Spit Poison, Renounce Religion, Receive Corpses


You were on level 8 of the Dungeon.
You worshipped Kikubaaqudgha.
Kikubaaqudgha was aware of your devotion.
You visited 2 branches of the dungeon, and saw 9 of its levels.

You collected 349 gold pieces.

Inventory:

Hand Weapons
 s - a +2 trident of venom
 u - a +2 vorpal hand axe
 w - a +0 whip of electrocution (weapon)
 W - a +5 vorpal flail
Armour
 b - a +0 robe (worn)
 c - a +0 helmet
 n - +0 acid dragon scales
Jewellery
 e - a ring of wizardry (left hand)
 k - a +6 ring of strength
 o - an amulet of reflection (around neck)
 B - a +6 ring of intelligence (right hand)
Wands
 a - a wand of digging (7)
 x - a wand of paralysis (4)
Scrolls
 f - a scroll of amnesia
 g - 2 scrolls of enchant armour
 h - a scroll of teleportation {unknown}
 i - a scroll of vulnerability
 j - 4 scrolls of immolation {unknown}
 l - a scroll of blinking {unknown}
 p - a scroll of fog
 t - a scroll of holy word {unknown}
 y - a scroll of acquirement {unknown}
 z - a scroll of silence {unknown}
Potions
 d - 2 potions of flight
 r - 4 potions of attraction


   Skills:
 + Level 6.1 Maces & Flails
 - Level 1.5 Dodging
 - Level 9.0 Stealth
 - Level 3.0 Spellcasting
 - Level 6.0 Conjurations
 - Level 1.0 Summonings
 - Level 3.0 Translocations
 * Level 5.2 Air Magic
 - Level 9.0 Poison Magic


You had one spell level left.
You knew the following spells:

 Your Spells              Type           Power      Damage    Failure   Level
a - Magic Dart            Conj           100%       1d8       1%          1
b - Blink                 Tloc           N/A        N/A       3%          2
d - Mephitic Cloud        Conj/Pois/Air  46%        N/A       1%          3
e - Swiftness             Air            37%        N/A       2%          3
s - Lightning Bolt        Conj/Air       19%        1d34      16%         5

Your spell library contained the following spells:

 Spells                   Type           Power      Damage    Failure   Level
 Animate Skeleton         Necr           8%         N/A       6%          1
 Corona                   Hex            4%         N/A       6%          1
 Pain                     Necr           16%        1d4       6%          1
 Static Discharge         Conj/Air       39%        N/A       1%          2
 Call Imp                 Summ           10%        N/A       6%          2
 Conjure Flame            Conj/Fire      23%        6-21      6%          3
 Ensorcelled Hibernation  Hex/Ice        8%         N/A       9%          2
 Passwall                 Tmut/Erth      3%         N/A       9%          2
 Slow                     Hex            4%         N/A       9%          2
 Sublimation of Blood     Necr           2%         N/A       9%          2
 Confusing Touch          Hex            4%         N/A       17%         3
 Tukima's Dance           Hex            4%         N/A       17%         3
 Vampiric Draining        Necr           2%         2d6       17%         3
 Yara's Violent Unravell  Hex/Tmut       2%         3d3       77%         5
 Invisibility             Hex            2%         N/A       99%         6
 Maxwell's Capacitive Co  Air            18%        ∞         100%        8


Dungeon Overview and Level Annotations

Branches:
Dungeon (8/15)             Temple (1/1) D:5
   Lair: D:8-11

Altars:
Ashenzari
Cheibriados
Dithmenos
Kikubaaqudgha
Qazlal
Trog
Vehumet
Yredelemnul
The Shining One
Beogh

Annotations:
D:5 3 runed translucent doors, Malachi's ghost, novice HOFi


Innate Abilities, Weirdness & Mutations

Your serpentine skin is tough. (AC +3)
You have supernaturally acute eyesight. (SInv)
Armour fits poorly on your strangely shaped body.
Your system is resistant to poisons. (rPois)
You cover ground very slowly.
You can spit poison.
You have a snake-like lower body.
You have a pair of small horns on your head.
Your muscles are strong. (Str +2)
Your spells are a little harder to cast, but a little more powerful.
You expend magic power (3 MP) to strengthen your wands.


Message History

The water moccasin resists with some effort.
The water moccasin bites you but does no damage.
The water moccasin bites you!
* * * LOW HITPOINT WARNING * * *
You are lethally poisoned!
The water moccasin poisons you!
Aiming: Paralyse
Press: ? - help, Shift-Dir - straight line, f/p - water moccasin
Aim: a water moccasin (lightly wounded, chance to affect: 46%)
The water moccasin suddenly stops moving!
* * * LOW HITPOINT WARNING * * *
You feel very sick.
Unknown command.
Unknown command.
Okay, then.
The helpless water moccasin fails to defend itself.
You hit the water moccasin.
The water moccasin is moderately wounded.
* * * LOW HITPOINT WARNING * * *
You feel sick.
Unknown command.
The helpless water moccasin fails to defend itself.
You whack the water moccasin!
The water moccasin is heavily wounded.
* * * LOW HITPOINT WARNING * * *
You feel sick.
Unknown command.
The helpless water moccasin fails to defend itself.
You hit the water moccasin.
Lightning courses through the water moccasin!
You kill the water moccasin!
Kikubaaqudgha accepts your kill.
* * * LOW HITPOINT WARNING * * *
You feel sick.
Training target 9.0 for Poison Magic reached!
Your Maces & Flails skill increases to level 6!
Your Poison Magic skill increases to level 9!
You have reached level 10!
You die...
Kikubaaqudgha rasps: "You have failed me!
Welcome... death!"

... # .. #.l# ##.#
#+## #..# #.. ...#
#..###)#### ...#
#.........# ...#
#.........# ...#
#.........# .<.#
#.....@...# ...#
#.....(...# ...#
#.........#
..#########)........#
.)#.........÷..)....#
..#.........))......#
..#.........#.)>#####
..#.........#÷###
............#.#


There were no monsters in sight!

Vanquished Creatures
  Maggie (D:7)
  Sigmund (D:4)
  A wyvern (D:8)
  3 basilisks (D:8)
  Edmund (D:6)
  4 water moccasins (D:8)
  An orc warrior (D:8)
  2 black bears (D:6)
  A centaur (D:6)
  2 ogres
  2 bullfrogs (D:7)
  A gnoll sergeant (D:8)
  2 scorpions
  2 howler monkeys (D:8)
  A bullfrog zombie (D:6)
  A centaur zombie (D:8)
  6 orc priests
  A gnoll shaman (D:8)
  Jessica (D:3)
  4 iguanas
  11 orc wizards
  A howler monkey zombie (D:8)
  11 gnolls
  5 adders
  A howler monkey skeleton (D:4)
  An adder skeleton (D:5)
  A worm (D:2)
  3 dart slugs
  29 orcs
  10 ball pythons
  4 endoplasms
  4 giant cockroaches
  12 goblins
  8 hobgoblins
  2 jackals (D:4)
  9 kobolds
  4 quokkas
  A bat (D:3)
  3 frilled lizards (D:1)
  11 rats
169 creatures vanquished.

Vanquished Creatures (collateral kills)
  A centaur skeleton (D:7)
1 creature vanquished.

Vanquished Creatures (others)
  A bush (D:8)
  3 fungi (D:8)
  16 plants (D:8)
20 creatures vanquished.

Grand Total: 190 creatures vanquished

Notes
Turn   | Place    | Note
-------+----------+-------------------------------------------
     0 | D:1      | GameOver the Naga Hedge Wizard began the quest for the Orb.
     0 | D:1      | Reached XP level 1. HP: 15/15 MP: 4/4
    71 | D:1      | Reached XP level 2. HP: 22/22 MP: 4/6
   276 | D:1      | Found Maun's Magic Scroll Boutique.
   377 | D:1      | Reached XP level 3. HP: 26/28 MP: 1/7
   380 | D:1      | Learned a level 2 spell: Blink
   384 | D:1      | Learned a level 3 spell: Mephitic Cloud
   562 | D:1      | Found a faded altar of an unknown god.
   980 | D:2      | Reached XP level 4. HP: 36/36 MP: 6/8
  1296 | D:2      | Learned a level 3 spell: Swiftness
  1377 | D:3      | Noticed Jessica
  1681 | D:3      | Killed Jessica
  1682 | D:3      | Reached XP level 5. HP: 35/42 MP: 7/9
  1758 | D:4      | Reached skill level 5 in Conjurations
  1782 | D:4      | Reached skill level 1 in Poison Magic
  1862 | D:4      | Reached XP level 6. HP: 49/49 MP: 8/10
  1953 | D:4      | Noticed Sigmund
  1990 | D:4      | Killed Sigmund
  1998 | D:4      | Reached skill level 5 in Stealth
  1998 | D:4      | Reached XP level 7. HP: 55/55 MP: 2/11
  2441 | D:4      | Found a shadowy altar of Dithmenos.
  2660 | D:5      | Entered Level 5 of the Dungeon
  2689 | D:5      | Found a runed translucent gate.
  2690 | D:5      | Found a runed translucent gate.
  2690 | D:5      | Found a runed translucent gate.
  2690 | D:5      | Noticed Malachi's ghost (novice HOFi)
  3072 | D:5      | Reached skill level 1 in Maces & Flails
  3101 | D:5      | Reached XP level 8. HP: 38/62 MP: 6/12
  3113 | D:5      | Found a staircase to the Ecumenical Temple.
  3123 | Temple   | Entered the Ecumenical Temple
  3148 | Temple   | Became a worshipper of Kikubaaqudgha
  3588 | D:6      | Noticed Edmund
  3603 | D:6      | Killed Edmund
  3604 | D:6      | Reached skill level 5 in Poison Magic
  3980 | D:7      | Reached * piety under Kikubaaqudgha
  3980 | D:7      | Received a gift from Kikubaaqudgha
  4058 | D:7      | Reached XP level 9. HP: 65/68 MP: 7/13
  4083 | D:7      | Noticed Maggie
  4243 | D:7      | Killed Maggie
  4244 | D:7      | Reached skill level 1 in Air Magic
  4527 | D:8      | Gained mutation: You possess an exceptional clarity of
                  | mind. [potion of mutation]
  4527 | D:8      | Lost mutation: You possess an exceptional clarity of mind.
                  | [potion of mutation]
  4527 | D:8      | Gained mutation: Your magical capacity is low. (-10% MP)
                  | [potion of mutation]
  4537 | D:8      | Reached skill level 5 in Maces & Flails
  4652 | D:8      | Learned a level 5 spell: Lightning Bolt
  4724 | D:8      | Lost mutation: Your magical capacity is low. (-10% MP)
                  | [potion of mutation]
  4724 | D:8      | Gained mutation: Your muscles are strong. (Str +2) [potion
                  | of mutation]
  4724 | D:8      | Gained mutation: You expend magic power (3 MP) to
                  | strengthen your wands. [potion of mutation]
  4724 | D:8      | Gained mutation: Your spells are a little harder to cast,
                  | but a little more powerful. [potion of mutation]
  4724 | D:8      | Gained mutation: You have a pair of small horns on your
                  | head. [potion of mutation]
  4933 | D:8      | Reached skill level 5 in Air Magic
  5071 | D:8      | HP: 3/68 [poisoned by a water moccasin]
  5074 | D:8      | Reached XP level 10. HP: 2/75 MP: 1/14
  5074 | D:8      | Succumbed to a water moccasin's poison

Illustrated notes

Levels and vault maps discovered:
D:1:      psy_arrival_radial01, layout_basic,
          shapermc_ecumenical_altar_mp_highgroup, serial_shops, shop,
          serial_forest, infiniplex_forest_clump_small,
          infiniplex_forest_lined_corner, infiniplex_forest_straight_3,
          infiniplex_forest_split, infiniplex_forest_lined_ring, st_stairs_3
D:2:      layout_rooms, kennysheep_cross_room, kennysheep_doodads
D:3:      layout_rooms, uniq_jessica
D:4:      layout_loops_ring, mainiacjoe_overflow_surrounded_room,
          minmay_liquid_box, eino_tiny_chamber, kennysheep_potato, uniq_sigmund
D:5:      layout_basic, minmay_temple_entry_tees, biasface_ghost_orc_armoury
D:6:      layout_rooms, supply_closet_lemuel, uniq_edmund
D:7:      layout_cave_pools, uniq_maggie
D:8:      layout_basic, minmay_lair_entry_grove
Temple:   regret_index_temple_sigil_plot

Skill      XL: |  1  2  3  4  5  6  7  8  9 |
---------------+----------------------------+-----
Conjurations   | 2 3 4 5 6 |  6.0
Poison Magic   | 1 3 4 7 9 |  9.0
Stealth        | 5 6 9 |  9.0
Translocations | 3 |  3.0
Maces & Flails | 1 4 6 |  6.1
Air Magic      | 5 |  5.2
Dodging        | |  1.5
Spellcasting   | |  3.0
Summonings     | |  1.0

Action                   |  1- 3 |  4- 6 |  7- 9 | 10-12 || total
-------------------------+-------+-------+-------+-------++-------
Melee: Spear             |     3 |    39 |    23 |       ||    65
       Whip              |       |       |   145 |       ||   145
       Headbutt          |       |       |     1 |       ||     1
 Cast: Magic Dart        |    39 |    48 |    74 |       ||   161
       Mephitic Cloud    |       |     6 |    32 |       ||    38
       Blink             |       |     1 |     2 |       ||     3
       Lightning Bolt    |       |       |     3 |       ||     3
       Swiftness         |       |       |     1 |       ||     1
 Abil: Spit Poison       |    33 |    30 |    81 |       ||   144
Evoke: Wand              |       |       |     3 |       ||     3
  Use: Potion            |       |       |     9 |       ||     9
       Scroll            |       |       |     8 |       ||     8
 Stab: Sleeping          |       |     2 |     7 |       ||     9
       Confused          |       |     1 |    10 |       ||    11
       Paralysed         |       |       |     5 |       ||     5
       Distracted        |       |       |     2 |       ||     2
Armor: Robe              |     2 |    16 |    33 |       ||    51
Dodge: Dodged            |     8 |    12 |    54 |       ||    74
Block: Other             |       |       |    21 |       ||    21
       Reflection        |       |       |     1 |       ||     1
